 Dungeon Crawl Stone Soup version 0.20-a0-517-g5f97612 (webtiles) character file.

16226 nubinia the Covert (level 12, -2/66 HPs)
             Began as a Tengu Venom Mage on Jan 23, 2017.
             Was a High Priest of Vehumet.
             Slain by a killer bee (9 damage)
             ... on level 2 of the Lair of Beasts on Jan 24, 2017.
             The game lasted 01:54:30 (15504 turns).

nubinia the Covert (Tengu Venom Mage)              Turns: 15504, Time: 01:54:30

Health: -2/66      AC:  6    Str:  8    XL:     12   Next: 35%
Magic:  23/24      EV: 16    Int: 21    God:    Vehumet [*****.]
Gold:   419        SH:  6    Dex: 15    Spells: 13/26 levels left

rFire    + + .     SeeInvis .   z - +4 short sword (elec)
rCold    . . .     Gourm    .   D - +2 leather armour {rF+}
rNeg     + . .     Faith    .   d - +0 buckler
rPois    .         Spirit   .   (helmet restricted)
rElec    .         Reflect  +   q - +0 cloak
rCorr    .         Harm     .   (no gloves)
MR       .....                  (boots unavailable)
Stlth    ++++++....             I - +3 amulet of reflection
Regen    0.3/turn               w - ring of protection from fire
                                v - ring of positive energy

@: lethally poisoned (-2 -> -5), flying quickly and evasively, quick
A: beak, talons 3, able to fly 1
a: Renounce Religion


You were on level 2 of the Lair of Beasts.
You worshipped Vehumet.
Vehumet was extremely pleased with you.
You were hungry.

You visited 2 branches of the dungeon, and saw 12 of its levels.

You collected 419 gold pieces.

Inventory:

Hand Weapons
 e - a +0 flail of protection
 f - a +0 dagger
 l - a +2 short sword of holy wrath
 m - a +1 dagger of venom
 z - a +4 short sword of electrocution (weapon)
 J - a +1 dagger of venom
Missiles
 p - 320 stones (quivered)
Armour
 a - a +1 robe
 d - a +0 buckler (worn)
 q - a +0 cloak (worn)
 D - a +2 leather armour of fire resistance (worn)
Magical Staves
 K - an uncursed staff of cold
Jewellery
 v - a ring of positive energy (left hand)
 w - a ring of protection from fire (right hand)
 G - an uncursed ring of protection from fire
 I - a +3 amulet of reflection (around neck)
 P - the ring of Peace {-Tele MR+ Str-4 Int+4 Dex+2 Slay+5}
   (You found it on level 8 of the Dungeon)

   [ring of intelligence]

   It affects your strength (-4).
   It affects your intelligence (+4).
   It affects your dexterity (+2).
   It affects your accuracy and damage with ranged weapons and melee attacks
   (+5).
   It affects your resistance to hostile enchantments.
   It prevents most forms of teleportation.
Wands
 x - a wand of digging (6/24)
 y - a wand of flame (12/48)
 E - a wand of lightning (0/15)
 R - a wand of iceblast (5/15)
 S - a wand of flame (5/48)
Scrolls
 g - a scroll of amnesia
 n - 3 scrolls of enchant armour
 H - a scroll of remove curse
 O - 4 scrolls of teleportation
Potions
 h - a potion of cancellation
 i - a potion of flight
 k - 2 potions of lignification
 r - 2 potions of brilliance
 s - 3 potions of agility
 t - a potion of berserk rage
 A - a potion of curing
 F - a potion of resistance
 Q - a potion of might {unknown}
Books
 b - a Young Poisoner's Handbook

   Spells                             Type                      Level
   a - Sting                          Conjuration/Poison           1
   b - Poisonous Vapours              Poison/Air                   2
   c - Mephitic Cloud                 Conjuration/Poison/Air       3
   d - Olgreb's Toxic Radiance        Poison                       4
   e - Venom Bolt                     Conjuration/Poison           5
 M - a book of Geomancy

   Spells                             Type                      Level
   a - Sandblast                      Earth                        1
   b - Passwall                       Transmutation/Earth          2
   c - Stone Arrow                    Conjuration/Earth            3
   d - Petrify                        Transmutation/Earth          4
   e - Lee's Rapid Deconstruction     Earth                        5
Miscellaneous
 N - a fan of gales
Comestibles
 c - 10 bread rations
 j - 6 royal jellies
 o - 7 meat rations
 u - 3 chunks of flesh


   Skills:
 + Level 3.8 Fighting
 + Level 6.8 Short Blades
 + Level 2.3 Armour
 + Level 4.7 Dodging
 + Level 14.6 Stealth
 + Level 0.2 Shields
 + Level 7.6 Spellcasting
 * Level 8.9 Conjurations
 + Level 6.1 Fire Magic
 + Level 7.4 Air Magic
 - Level 6.0 Poison Magic


You had 13 spell levels left.
You knew the following spells:

 Your Spells              Type           Power        Failure   Level  Hunger
a - Sting                 Conj/Pois      ####         1%          1    None
b - Poisonous Vapours     Pois/Air       #####.       1%          2    None
c - Mephitic Cloud        Conj/Pois/Air  #####...     1%          3    None
d - Sandblast             Erth           #.....       5%          1    None
e - Flame Tongue          Conj/Fire      #####        1%          1    None
f - Throw Flame           Conj/Fire      #####.       1%          2    None
g - Conjure Flame         Conj/Fire      #####...     1%          3    None


Dungeon Overview and Level Annotations

Branches:
Dungeon (9/15)             Temple (0/1) D:7            Lair (3/6) D:9
  Swamp: Lair:2-4    Shoals: Lair:2-4     Snake: Lair:2-4    Spider: Lair:2-4
    Orc: D:9-12

Altars:
Cheibriados
Dithmenos
Gozag
Kikubaaqudgha
Qazlal
Sif Muna
Uskayaw
Vehumet
Zin

Annotations:
D:6 Grinder
Lair:2 exclusion: 2 upstairs


Innate Abilities, Weirdness & Mutations

You have a beak for a mouth.
You have claws for feet.
You can fly.


Message History

The blink frog hits you!
* * * LOW HITPOINT WARNING * * *
The blink frog closely misses you.
The killer bee stings you but does no damage.
The killer bee closely misses you. You block the killer bee's attack.
The killer bee closely misses you.
The blink frog blinks!
You fly upwards.
Level annotation: exclusion: 2 upstairs You feel sick.
There is a stone staircase leading down here.
Unknown command.
You feel sick. You block the killer bee's attack.
The killer bee closely misses you. The killer bee misses you.
The killer bee stings you!
* * * LOW HITPOINT WARNING * * *
The killer bee misses you.
You feel sick.
The blink frog blinks!
The killer bee closely misses you. The killer bee misses you.
The killer bee barely misses you. The killer bee closely misses you.
The killer bee stings you!
You die...

...............................§.
................................§
...............##†+.P............
..#.#######...####..#.......P###.
..#..#.###P...##..§..#.......####
...#.....#....##...>F.......##...
..........#......<..##...........
...#......#...P.yy..##...........
.........##...P.@yy..........#...
..P#......#....#....#.......##...
..##.....#....P#....##......##.##
...###PP###...###P####.........#.
...#.####.#...P#####.............
.................................
.............÷...................
.............#.###.#.#P....#.#...
..............####..##.....##....


You could see a blink frog and 4 killer bees.

Vanquished Creatures
  2 hydras
  A queen ant (Lair:2)
  2 death yaks (D:8)
  A necromancer (D:8)
  6 spiny frogs
  A kobold demonologist (D:8)
  A komodo dragon (Lair:1)
  3 hippogriffs
  2 wyverns
  16 yaks
  4 hogs (D:8)
  2 basilisks (Lair:1)
  A human (D:8)
  Eustachio (D:6)
  Edmund (D:4)
  11 soldier ants (Lair:2)
  3 water moccasins
  3 porcupines
  Duvessa (D:5)
  3 orc warriors
  A sky beast (D:8)
  A necrophage (D:6)
  2 ice beasts
  4 ogres
  3 centaurs
  2 crocodiles
  A big kobold (D:9)
  3 bullfrogs
  A scorpion (D:8)
  A water moccasin skeleton (D:5)
  Dowan (D:5)
  7 killer bees
  6 wights
  A howler monkey (D:5)
  2 centaur zombies
  2 crimson imps
  A jelly (D:9)
  4 hounds
  Crazy Yiuf (D:2)
  2 bullfrog skeletons
  8 orc priests
  3 iguanas
  8 orc wizards
  28 worker ants
  A hound zombie (D:8)
  A hound skeleton (D:5)
  21 adders
  3 gnolls (D:5)
  A river rat (D:4)
  2 oozes
  An adder zombie (D:8)
  3 worms
  3 dart slugs
  5 leopard geckos
  30 orcs
  9 giant cockroaches
  13 goblins
  10 hobgoblins
  10 jackals
  14 kobolds
  5 quokkas
  2 ball pythons
  13 bats
  5 frilled lizards
  10 rats
  A plant (D:3)
321 creatures vanquished.

Vanquished Creatures (collateral kills)
  A komodo dragon (Lair:2)
  7 soldier ants (Lair:2)
  A killer bee (D:8)
  2 worker ants (Lair:2)
11 creatures vanquished.

Vanquished Creatures (others)
  A worker ant (Lair:2)
  A giant cockroach (D:4)
  2 fungi (Lair:2)
4 creatures vanquished.

Grand Total: 336 creatures vanquished

Notes
Turn   | Place    | Note
-------+----------+-------------------------------------------
     0 | D:1      | nubinia the Tengu Venom Mage began the quest for the Orb.
     0 | D:1      | Reached XP level 1. HP: 10/10 MP: 4/4
   206 | D:1      | Reached XP level 2. HP: 15/15 MP: 4/6
   210 | D:1      | Learned a level 2 spell: Poisonous Vapours
   668 | D:1      | Reached XP level 3. HP: 19/19 MP: 2/7
   673 | D:1      | Learned a level 3 spell: Mephitic Cloud
   821 | D:1      | Reached skill level 1 in Air Magic
  1730 | D:2      | Found a runed door.
  1765 | D:2      | Reached XP level 4. HP: 24/24 MP: 4/8
  2111 | D:2      | Found a glowing silver altar of Zin.
  2125 | D:2      | Found a radiant altar of Vehumet.
  2138 | D:2      | Became a worshipper of Vehumet
  2439 | D:2      | Noticed Crazy Yiuf
  2505 | D:2      | Killed Crazy Yiuf
  2505 | D:2      | Gained mutation: You can fly. [Tengu growth]
  2505 | D:2      | Reached XP level 5. HP: 15/28 MP: 0/9
  2725 | D:3      | Reached skill level 1 in Short Blades
  3221 | D:3      | Reached * piety under Vehumet
  3221 | D:3      | Offered knowledge of Sandblast by Vehumet.
  3224 | D:3      | Learned a level 1 spell: Sandblast
  3625 | D:3      | Reached XP level 6. HP: 32/32 MP: 2/11
  4157 | D:4      | Noticed Edmund
  4482 | D:4      | Reached skill level 3 in Stealth
  4597 | D:4      | Offered knowledge of Flame Tongue by Vehumet.
  4728 | D:4      | Found an ancient bone altar of Kikubaaqudgha.
  4755 | D:4      | Reached ** piety under Vehumet
  4759 | D:4      | Reached XP level 7. HP: 30/37 MP: 10/12
  4897 | D:4      | Found an opulent altar of Gozag.
  5085 | D:4      | Reached skill level 1 in Fighting
  5326 | D:4      | Killed Edmund
  5409 | D:4      | Found a deep blue altar of Sif Muna.
  5409 | D:4      | Found a hide-covered altar of Uskayaw.
  5525 | D:5      | Entered Level 5 of the Dungeon
  5574 | D:5      | Noticed Dowan
  5600 | D:5      | Noticed Duvessa
  5622 | D:5      | Killed Dowan
  5622 | D:5      | Reached skill level 5 in Air Magic
  5625 | D:5      | Killed Duvessa
  5625 | D:5      | Reached XP level 8. HP: 43/43 MP: 7/14
  5673 | D:5      | Found a shadowy altar of Dithmenos.
  5768 | D:5      | Reached skill level 4 in Stealth
  5899 | D:5      | Learned a level 1 spell: Flame Tongue
  6012 | D:5      | Reached skill level 1 in Fire Magic
  6186 | D:5      | Offered knowledge of Throw Flame by Vehumet.
  6190 | D:5      | Learned a level 2 spell: Throw Flame
  6681 | D:6      | Found a stormy altar of Qazlal.
  6684 | D:6      | Noticed an air elemental
  6684 | D:6      | Noticed a water elemental
  6974 | D:6      | Noticed Eustachio
  7000 | D:6      | Killed Eustachio
  7000 | D:6      | Reached skill level 5 in Poison Magic
  7191 | D:6      | Found a snail-covered altar of Cheibriados.
  7499 | D:6      | Reached XP level 9. HP: 48/48 MP: 3/17
  7810 | D:6      | Noticed Grinder
  7912 | D:6      | Reached skill level 5 in Spellcasting
  8242 | D:7      | Found a staircase to the Ecumenical Temple.
  8286 | D:7      | Upgraded the game from 0.20-a0-513-g02c11fc to 0.20-a0-517-g5f97612
  8364 | D:7      | Reached *** piety under Vehumet
  8666 | D:7      | Reached skill level 5 in Short Blades
  9224 | D:7      | Offered knowledge of Conjure Flame by Vehumet.
  9229 | D:7      | Learned a level 3 spell: Conjure Flame
  9349 | D:7      | Reached skill level 5 in Stealth
  9773 | D:8      | Found a deep blue altar of Sif Muna.
  9791 | D:8      | Reached skill level 5 in Conjurations
  9888 | D:8      | Reached XP level 10. HP: 41/54 MP: 8/19
 10013 | D:8      | Reached skill level 5 in Fire Magic
 10075 | D:8      | Reached **** piety under Vehumet
 10090 | D:8      | Noticed a kobold demonologist
 10094 | D:8      | Noticed a necromancer
 10106 | D:8      | Noticed a death knight
 10137 | D:8      | Noticed a soul eater
 10141 | D:8      | Killed a kobold demonologist
 10381 | D:8      | Killed a necromancer
 10468 | D:8      | Got a brightly glowing amber ring
 10471 | D:8      | Identified the ring of Peace {-Tele MR+ Str-4 Int+4 Dex+2 Slay+5} (You found it on level 8 of the Dungeon)
 10561 | D:8      | Reached skill level 6 in Stealth
 10561 | D:8      | Offered knowledge of Yara's Violent Unravelling by Vehumet.
 10581 | D:8      | Reached skill level 7 in Stealth
 10593 | D:8      | Reached skill level 8 in Stealth
 10631 | D:9      | Noticed a death yak
 10876 | D:9      | Reached skill level 9 in Stealth
 11038 | D:9      | Found a staircase to the Lair.
 11038 | D:9      | Noticed a death yak
 11038 | D:9      | Noticed a death yak
 11038 | D:9      | Noticed a death yak
 11038 | D:9      | Noticed a death yak
 11041 | D:9      | Noticed a death yak
 11042 | D:9      | Noticed a death yak
 11079 | D:8      | Killed a death yak
 11079 | D:8      | Reached skill level 11 in Stealth
 11216 | D:8      | Killed a death yak
 11216 | D:8      | Reached skill level 12 in Stealth
 11216 | D:8      | Reached XP level 11. HP: 25/59 MP: 6/21
 11515 | Lair:1   | Entered Level 1 of the Lair of Beasts
 11553 | Lair:1   | Reached skill level 13 in Stealth
 11780 | Lair:1   | Noticed a five-headed hydra
 11862 | Lair:1   | Noticed a seven-headed hydra
 12311 | Lair:1   | Reached skill level 14 in Stealth
 12933 | Lair:1   | Killed a five-headed hydra
 13394 | Lair:2   | Reached skill level 1 in Armour
 13811 | Lair:2   | Reached ***** piety under Vehumet
 13814 | Lair:2   | Offered knowledge of Bolt of Magma by Vehumet.
 13853 | Lair:2   | Reached XP level 12. HP: 64/64 MP: 7/23
 13894 | Lair:2   | Noticed a queen ant
 13922 | Lair:2   | Killed a queen ant
 14548 | Lair:3   | Noticed a four-headed hydra
 14566 | Lair:2   | Killed a four-headed hydra
 14859 | Lair:3   | Noticed a catoblepas
 14893 | Lair:2   | HP: 3/66 [something/blast of calcifying dust (5)]
 15504 | Lair:2   | Slain by a killer bee

Vault maps used:
D:1:      kilobyte_arrival_exit_the_forest, minivault_5
D:2:      minmay_door_path, lemuel_round_altar, lemuel_tele_altar,
          uniq_crazy_yiuf_cottage
D:3:      serial_bayou_lake_a
D:4:      nicolae_gozag_cash_rules_everything_around_me,
          nicolae_overflow_hidden_temple, kennysheep_little_box, first_bread,
          portal_sewer_entry_e, minmay_misc_feat_doors, hex_large,
          minmay_misc_feat_five, uniq_edmund
D:5:      nicolae_dithmenos_the_darkroom, uniq_duvessa
D:6:      nicolae_qazlal_style_of_elements, cheibriados_altar_1, uniq_eustachio,
          uniq_grinder
D:8:      basic_altar, grunt_livestock, minmay_diamond_spiral
D:9:      kennysheep_big_flooded_room, regret_index_temple_of_mockery,
          dpeg_lair_monsters
Lair:1:   grunt_megastairs_3
Lair:2:   zaba_anthell
Lair:3:   wad_woods_minihive

Skill      XL: |  1  2  3  4  5  6  7  8  9 10 11 12 |
---------------+-------------------------------------+-----
Air Magic      | 2 4 5 6 7 |  7.4
Short Blades   | 1 2 3 4 5 6 |  6.8
Spellcasting   | 3 4 5 6 7 |  7.6
Stealth        | 3 4 5 12 14 | 14.6
Dodging        | 3 4 |  4.7
Poison Magic   | 4 5 6 |  6.0
Fighting       | 1 2 3 |  3.8
Conjurations   | 2 4 5 7 8 |  8.9
Fire Magic     | 2 4 5 6 |  6.1
Armour         | 2 |  2.3
Shields        | |  0.2

Action                   |  1- 3 |  4- 6 |  7- 9 | 10-12 || total
-------------------------+-------+-------+-------+-------++-------
Melee: Dagger            |    41 |       |     4 |     2 ||    47
       Kick              |     7 |    47 |    50 |    49 ||   153
       Peck              |     3 |    32 |    32 |    35 ||   102
       Short sword       |     2 |   195 |   207 |   234 ||   638
       Flail             |       |       |    10 |       ||    10
 Cast: Sting             |    36 |    73 |    38 |     4 ||   151
       Poisonous Vapours |       |    17 |    39 |    45 ||   101
       Mephitic Cloud    |       |     5 |    20 |    57 ||    82
       Sandblast         |       |       |     8 |       ||     8
       Throw Flame       |       |       |    54 |    60 ||   114
       Flame Tongue      |       |       |     2 |       ||     2
       Conjure Flame     |       |       |     3 |    11 ||    14
 Abil: Fly               |       |    16 |    22 |    28 ||    66
Evoke: Wand              |       |       |       |     3 ||     3
  Use: Scroll            |     4 |       |     7 |     6 ||    17
       Potion            |       |     1 |     2 |     4 ||     7
 Stab: Sleeping          |     4 |     4 |     5 |     7 ||    20
       Confused          |       |     4 |    10 |    19 ||    33
  Eat: Chunk             |     3 |    14 |    20 |    14 ||    51
       Royal jelly       |       |       |     1 |     2 ||     3
       Fruit             |       |       |       |     4 ||     4
Armor: Robe              |    11 |    33 |    21 |     3 ||    68
       Leather armour    |       |       |       |    21 ||    21
Dodge: Dodged            |    28 |   123 |   110 |   105 ||   366
Block: Buckler           |       |       |     3 |    47 ||    50
